 Dungeon Crawl Stone Soup version 0.31.0-9-g3a7656b989 (webtiles) character file.

Game seed: 4991124552010551199

297 qw the Ducker (level 6, -3/30 HPs)
             Began as a Spriggan Hunter on Feb 2, 2024.
             Slain by Duvessa
             ... wielding a +0 short sword
              (14 damage)
             ... on level 4 of the Dungeon.
             The game lasted 00:00:12 (2735 turns).

qw the Ducker (Spriggan Hunter)                     Turns: 2735, Time: 00:00:12

Health: -3/30      AC:  3    Str:  7    XL:     6   Next: 12%
Magic:  7/7        EV: 22    Int: 11    God:
Gold:   210        SH:  0    Dex: 23    Spells: 5/5 levels left

rFire   . . .        a - +1 shortbow (freeze)
rCold   . . .        (shield currently unavailable)
rNeg    . . .        c - +0 robe
rPois   .            (helmet restricted)
rElec   .            g - +0 cloak
rCorr   +            (gloves unavailable)
SInv    +            (boots unavailable)
Will    +....        (no amulet)
Stlth   ++           j - ring of Xuonif {rCorr Dex+3}
HPRegen 0.25/turn    (no ring)
MPRegen 0.10/turn

%: no passive effects
@: very quick
A: very small, no large weapons, unfitting armour, see invisible, speed 3
a: no special abilities


You were on level 4 of the Dungeon.
You visited 1 branch of the dungeon, and saw 4 of its levels.

You collected 210 gold pieces.


Innate Abilities, Weirdness & Mutations

You are very small and have problems with some larger weapons.
You are too small for most types of armour.
You have supernaturally acute eyesight. (SInv)
You cover ground extremely quickly. (Speed+++)


   Skills:
 - Level 2.1 Fighting
 + Level 5.7 Ranged Weapons
 - Level 6.3 Dodging
 - Level 1.5 Stealth


You had 5 spell levels left.
You didn't know any spells.
Your spell library was empty.

Inventory:

Hand Weapons
 a - a +1 shortbow of freezing (weapon)
Armour
 c - a +0 robe (worn)
 g - a +0 cloak (worn)
Jewellery
 j - the ring of Xuonif (left hand) {rCorr Dex+3}
   (You found it on level 3 of the Dungeon)

   [ring of resist corrosion]

   Dex+3:     It affects your dexterity (+3).
   rCorr:     It protects you from acid and corrosion.
Wands
 e - a wand of charming (11)
 h - a wand of roots (5)
Scrolls
 b - a scroll of enchant armour {unknown}
 k - 2 scrolls of fog {unknown}
 l - a scroll of poison {unknown}
Potions
 d - a potion of mutation
 f - 3 potions of curing
 i - 2 potions of heal wounds

Dungeon Overview and Level Annotations

Branches:
Dungeon (4/15)
 Temple: D:4-7

Altars:
Xom

Annotations:
D:4 Duvessa


Message History

The orc is severely wounded.
The orc barely misses you.
You shoot an arrow. The arrow closely misses the orc.
An orc comes into view. It is wielding a +0 hand axe.
The orc hits you with a +0 short sword.
You shoot an arrow. The arrow barely misses the orc.
The orc completely misses you. x2; The orc barely misses you.
The orc misses you.
Enter note:
Enter note:
2725 ||| RETREEEEATING.
An orc comes into view.
It is wielding a +0 whip and wearing an orb of light.
Enter note:
Enter note:
2726 ||| RETREEEEATING.
Duvessa attacks as she pursues you! Duvessa misses you.
Enter note:
2727 ||| RETREEEEATING.
Duvessa attacks as she pursues you! Duvessa misses you.
Enter note:
2728 ||| RETREEEEATING.
Enter note:
2729 ||| RETREEEEATING.
Enter note:
2730 ||| RETREEEEATING.
Enter note:
2731 ||| RETREEEEATING.
Enter note:
2732 ||| RETREEEEATING.
You shoot an arrow.
The arrow hits Duvessa but does no damage.
Duvessa is heavily wounded.
Duvessa hits you with a +0 short sword.
You shoot an arrow. The arrow hits Duvessa.
The arrow freezes Duvessa.
Duvessa is severely wounded.
Duvessa hits you with a +0 short sword! Duvessa hits you with a +0 short sword.
You shoot an arrow. The arrow barely misses Duvessa.
The arrow hits the orc!
The arrow freezes the orc.
You kill the orc!
Duvessa hits you with a +0 short sword!
You die...

####### ........# ####.......#
#.......... ........##.#
#.........# #....(.##.#
.........# #......##.#
#.......## #.....)##..
#........##########......##..
.###........o)e@.)..........##..
...........g.o#####..#..........
#....og....###...##....###.##
##...o###......####....# #.#
#..#.# ##...)...###...# #+##
#o##.# #..####..###..## +. ...
g.. #....# #...##.###+## .).
.....#.##.# ##....# #.#
.....o....... .. ##.###.##


You could see Duvessa (berserk), a gnoll, 4 orcs and a goblin.

Vanquished Creatures
  Dowan (D:4)
  A sleepcap (D:3)
  8 gnolls
  4 adders
  A dart slug (D:1)
  4 ribbon worms
  17 orcs
  5 ball pythons
  7 endoplasms
  5 giant cockroaches
  4 goblins
  5 hobgoblins
  5 quokkas
  3 bats
  5 frilled lizards
  6 kobolds
  9 rats
90 creatures vanquished.

Notes
Turn   | Place    | Note
-------+----------+-------------------------------------------
     0 | D:1      | qw the Spriggan Hunter began the quest for the Orb.
     0 | D:1      | Reached XP level 1. HP: 10/10 MP: 2/2
     0 | D:1      | 0 ||| qw: Version: 0.3-a-155-g5e7d8dd
     0 | D:1      | 0 ||| qw: Game counter: 1684
     0 | D:1      | 0 ||| qw: Melee chars always use a shield: true
     0 | D:1      | 0 ||| qw: God list: Okawaru
     0 | D:1      | 0 ||| qw: Allow faded altars: false
     0 | D:1      | 0 ||| qw: Do Orc after clearing Dungeon:15 true
     0 | D:1      | 0 ||| qw: Do second Lair branch before Depths: true
     0 | D:1      | 0 ||| qw: Lair rune preference: random
     0 | D:1      | 0 ||| qw: Goals: Normal
     0 | D:1      | 0 ||| PLANNING D:1-11
    45 | D:1      | Reached skill level 3 in Dodging
   235 | D:1      | Reached XP level 2. HP: 14/14 MP: 3/3
   307 | D:1      | Reached skill level 4 in Dodging
   794 | D:1      | 794 ||| UPGRADING to +0 cloak.
   799 | D:1      | 799 ||| READING scroll labelled UCLEAN DOINOXT.
   900 | D:1      | 900 ||| READING scroll labelled JAERPH NOYHOG.
   900 | D:1      | 900 ||| ENCHANTING +0 shortbow.
   901 | D:1      | 901 ||| READING 2 scrolls labelled UMMA YREIPP.
   901 | D:1      | 901 ||| IDENTIFYING bubbling green potion
   902 | D:1      | 902 ||| READING scroll of identify.
   902 | D:1      | 902 ||| IDENTIFYING 3 metallic blue potions
   903 | D:1      | 903 ||| DROPPING scroll of butterflies.
  1066 | D:2      | 1066 ||| RETREEEEATING.
  1068 | D:2      | 1068 ||| RETREEEEATING.
  1070 | D:2      | 1070 ||| RETREEEEATING.
  1075 | D:2      | Reached XP level 3. HP: 14/18 MP: 4/4
  1076 | D:2      | 1076 ||| FLEEEEING.
  1077 | D:2      | 1077 ||| FLEEEEING.
  1078 | D:2      | 1078 ||| FLEEEEING.
  1079 | D:2      | 1079 ||| FLEEEEING.
  1080 | D:2      | 1080 ||| FLEEEEING.
  1081 | D:2      | 1081 ||| FLEEEEING.
  1084 | D:2      | 1084 ||| FLEEEEING.
  1085 | D:2      | 1085 ||| FLEEEEING.
  1086 | D:2      | 1086 ||| FLEEEEING.
  1087 | D:2      | 1087 ||| FLEEEEING.
  1251 | D:2      | Reached XP level 4. HP: 22/22 MP: 5/5
  1435 | D:2      | Found a faded altar of an unknown god.
  1655 | D:2      | 1655 ||| READING 2 scrolls of identify.
  1655 | D:2      | 1655 ||| IDENTIFYING sedimented dark potion
  1656 | D:2      | 1656 ||| READING scroll of identify.
  1656 | D:2      | 1656 ||| IDENTIFYING cyan potion
  1657 | D:2      | 1657 ||| READING scroll labelled ROMUKK FUONTA.
  1658 | D:2      | 1658 ||| READING scroll labelled HESSOIV HIZORR.
  1659 | D:2      | 1659 ||| READING scroll labelled XEFU ZAYXAIRASY.
  1659 | D:2      | 1659 ||| BRANDING +1 shortbow.
  1660 | D:2      | 1660 ||| DROPPING potion of brilliance.
  1661 | D:2      | 1661 ||| DROPPING potion of invisibility.
  1758 | D:3      | Reached skill level 5 in Dodging
  1758 | D:3      | 1758 ||| FLEEEEING.
  1763 | D:3      | 1763 ||| FLEEEEING.
  1764 | D:3      | 1764 ||| FLEEEEING.
  1805 | D:3      | Found a shimmering altar of Xom.
  1805 | D:3      | Found a shimmering altar of Xom.
  1807 | D:3      | Found a shimmering altar of Xom.
  1807 | D:3      | Found a shimmering altar of Xom.
  1813 | D:3      | Found a shimmering altar of Xom.
  1959 | D:3      | Reached XP level 5. HP: 24/26 MP: 6/6
  1980 | D:3      | 1980 ||| FLEEEEING.
  1981 | D:3      | 1981 ||| FLEEEEING.
  1982 | D:3      | 1982 ||| FLEEEEING.
  1984 | D:3      | 1984 ||| FLEEEEING.
  1985 | D:3      | 1985 ||| FLEEEEING.
  1986 | D:3      | 1986 ||| FLEEEEING.
  1988 | D:3      | 1988 ||| FLEEEEING.
  1989 | D:3      | 1989 ||| FLEEEEING.
  1995 | D:3      | 1995 ||| FLEEEEING.
  1996 | D:3      | 1996 ||| FLEEEEING.
  2319 | D:3      | Identified the ring of Xuonif {rCorr Dex+3}
  2565 | D:3      | 2565 ||| UPGRADING to ring of Xuonif {rCorr Dex+3}.
  2566 | D:3      | 2566 ||| READING scroll of identify.
  2566 | D:3      | 2566 ||| IDENTIFYING pink potion
  2567 | D:3      | 2567 ||| READING scroll labelled ENIZUA QIUK.
  2584 | D:4      | 2584 ||| STAIRDANCE
  2610 | D:4      | 2610 ||| STAIRDANCE
  2696 | D:4      | Noticed Dowan
  2702 | D:4      | Killed Dowan
  2703 | D:4      | Reached skill level 6 in Dodging
  2703 | D:4      | Reached XP level 6. HP: 30/30 MP: 7/7
  2716 | D:4      | Noticed Duvessa
  2718 | D:4      | 2718 ||| RETREEEEATING.
  2719 | D:4      | 2719 ||| RETREEEEATING.
  2725 | D:4      | 2725 ||| RETREEEEATING.
  2726 | D:4      | 2726 ||| RETREEEEATING.
  2727 | D:4      | 2727 ||| RETREEEEATING.
  2728 | D:4      | 2728 ||| RETREEEEATING.
  2729 | D:4      | 2729 ||| RETREEEEATING.
  2730 | D:4      | 2730 ||| RETREEEEATING.
  2731 | D:4      | 2731 ||| RETREEEEATING.
  2732 | D:4      | 2732 ||| RETREEEEATING.
  2735 | D:4      | Slain by Duvessa

Levels and vault maps discovered:
D:1:      saegor_arrival_simple_c, layout_basic
D:2:      layout_loops_ring, hellmonk_ecumenical_altar_leap_of_faith
D:3:      layout_loops_ring, xom_redecorated, dk_noncrumbling_3,
          serial_bayou_crossing
D:4:      layout_rooms, lemuel_doored_altar, uniq_duvessa

Skill      XL: |  1  2  3  4  5 |
---------------+----------------+-----
Dodging        | 3 4 5 6 |  6.3
Ranged Weapons | 5 |  5.7
Fighting       | 2 |  2.1
Stealth        | |  1.5

Action                     |  1- 3 |  4- 6 || total
---------------------------+-------+-------++-------
   Fire: Shortbow          |    77 |   158 ||   235
    Use: Scroll            |     4 |     7 ||    11
 Armour: Robe              |     3 |    15 ||    18
  Dodge: Dodged            |    20 |    44 ||    64

Table legend:
 A = Non-vault XP
 B = Vault XP
 C = Vault XP percentage of total XP
 D = Non-vault monster count
 E = Vault monster count
 F = Vault count percentage of total count
                 A         B        C        D         E       F
            +---------+---------+-------+---------+---------+-------
      Total |     365 |      63 |  14.7 |      89 |       1 |   1.1
            +---------+---------+-------+---------+---------+-------
        D:1 |      34 |       0 |   0.0 |      21 |       0 |   0.0
        D:2 |      96 |       0 |   0.0 |      26 |       0 |   0.0
        D:3 |     198 |       0 |   0.0 |      36 |       0 |   0.0
        D:4 |      37 |      63 |  63.0 |       6 |       1 |  14.3
            +---------+---------+-------+---------+---------+-------
